 Dungeon Crawl Stone Soup version 0.24.0-1-gfbc8707122 (webtiles) character file.

Game seed: 2809295597405284171, levelgen mode: deterministic

112 Aviak the Insei (level 4, -4/30 HPs)
             Began as an Octopode Transmuter on Oct 27, 2019.
             Slain by Terence
             ... wielding a +0 flail
              (5 damage)
             ... on level 3 of the Dungeon.
             The game lasted 00:02:58 (1930 turns).

Aviak the Insei (Octopode Transmuter)               Turns: 1930, Time: 00:02:59

Health: -4/30      AC:  1    Str:  9    XL:     4   Next: 93%
Magic:  8/8        EV: 19    Int: 15    God:
Gold:   59         SH:  0    Dex: 18    Spells: 7/8 levels left

rFire    + . .     SeeInvis .     - Unarmed
rCold    + . .     Gourm    .   (no shield)
rNeg     . . .     Faith    .   (helmet restricted)
rPois    +         Spirit   .   (no amulet)
rElec    +         Reflect  .   (no ring)
rCorr    +         Harm     .   (no ring)
MR       .....                  (no ring)
Stlth    ++++......             (no ring)
HPRegen  0.10/turn              (no ring)
MPRegen  0.11/turn              (no ring)
                                (no ring)
                                (no ring)

@: agile, appendage, resistant, very slightly contaminated, invisible
A: almost no armour, stealthy swim, amphibious, 8 rings, constrict 8, tentacle
spike 3, camouflage 1, gelatinous body 1
a: End Transformation


You were on level 3 of the Dungeon.
You were not hungry.
One of your tentacles had a temporary spike.
You visited 1 branch of the dungeon, and saw 3 of its levels.

You collected 59 gold pieces.

Inventory:

Missiles
 a - 31 arrows
Armour
 m - a +0 shield
Scrolls
 b - a scroll of magic mapping {unknown}
 d - 2 scrolls of teleportation {unknown}
 f - 3 scrolls of noise {unknown}
 h - 2 scrolls of remove curse {unknown}
 i - 4 scrolls of identify
 j - a scroll of immolation {unknown}
 n - a scroll of fog {unknown}
 q - a scroll of enchant weapon {unknown}
Comestibles
 k - 5 rations


   Skills:
 + Level 2.3 Fighting
 - Level 2.0 Dodging
 + Level 3.7 Unarmed Combat
 + Level 2.8 Spellcasting
 + Level 2.9 Transmutations


You had 7 spell levels left.
You knew the following spells:

 Your Spells              Type           Power        Failure   Level  Hunger
a - Beastly Appendage     Tmut           ##....       6%          1    #......

Your spell library contained the following spells:

 Spells                   Type           Power        Failure   Level  Hunger
 Sticks to Snakes         Tmut           ##......     9%          2    ##.....
 Spider Form              Tmut/Pois      #.........   32%         3    ###....
 Ice Form                 Ice/Tmut       #.......     73%         4    #####..
 Blade Hands              Tmut           ##........   86%         5    ######.


Dungeon Overview and Level Annotations

Branches:
Dungeon (3/15)

Altars:
Ashenzari
Makhleb

Annotations:
D:3 Terence


Innate Abilities, Weirdness & Mutations

You cannot wear most types of armour.
You are very stealthy in the water. (Stealth+)
You are amphibious.
You can wear up to eight rings at the same time.
You can use your tentacles to constrict eight enemies at once.
Your skin changes colour to match your surroundings (Stealth+).
Your rubbery body absorbs attacks. (AC +1, EV +1)
One of your tentacles bears a large vicious spike.


Message History

You constrict Terence, but do no damage.
You tentacle-slap Terence but do no damage.
Terence is moderately wounded.
You constrict Terence. Terence hits you with a +0 flail!
* * * LOW HITPOINT WARNING * * *
It was a potion of invisibility.
You fade into invisibility!
You constrict Terence, but do no damage.
Terence completely misses you.
You are very lightly contaminated with residual magic.
You catch the helpless Terence completely off-guard!
You tentacle-slap Terence but do no damage.
You pierce Terence, but do no damage.
Terence is moderately wounded.
You constrict Terence. Terence misses you.
You tentacle-slap Terence but do no damage.
You pierce Terence.
Terence is heavily wounded.
You constrict Terence. Terence hits you with a +0 flail.
You die...

#......##...†# .##
#..##...###### ##
#..###†.##...<##### .#
#................#
.##..###.###.#...#.# $#..#
#.#.†.#...#.# #..
#...###...#.# #.#
#.#.###...#.. #@#
#.####...##.. ##@#
#.#.##.#####. ########..#
#.#.##.#..... .......))##
#....#.#.#...
........######.#.##.#.#.#.
#######†.##......##.#...#.
.gg. ##.##......##.#####.
....g #..#......##.†...#.
.gg..g##.#......##.)...##


You could see Terence.

Vanquished Creatures
  Robin (D:3)
  3 adders (D:3)
  2 oozes (D:1)
  2 dart slugs
  2 bats (D:2)
  2 giant cockroaches
  10 goblins
  14 hobgoblins
  6 jackals
  A quokka (D:3)
  A ball python (D:1)
  3 frilled lizards
  5 kobolds
  4 rats (D:2)
56 creatures vanquished.

Notes
Turn   | Place    | Note
-------+----------+-------------------------------------------
     0 | D:1      | Aviak the Octopode Transmuter began the quest for the Orb.
     0 | D:1      | Reached XP level 1. HP: 13/13 MP: 3/3
    68 | D:1      | Reached XP level 2. HP: 9/18 MP: 5/5
   457 | D:1      | Reached XP level 3. HP: 9/23 MP: 4/6
   754 | D:2      | Found a shattered altar of Ashenzari.
   759 | D:2      | Found a burning altar of Makhleb.
   759 | D:2      | Noticed a balrug
  1572 | D:3      | Reached XP level 4. HP: 26/29 MP: 7/7
  1871 | D:3      | Noticed Robin
  1873 | D:3      | Noticed Terence
  1900 | D:3      | Killed Robin
  1919 | D:3      | HP: 1/30 [Terence/+0 flail (10)]
  1927 | D:3      | HP: 1/30 [Terence/+0 flail (10)]
  1930 | D:3      | Slain by Terence

Levels and vault maps discovered:
D:1:      dpeg_arrival_rooms_a, layout_basic
D:2:      layout_loops_ring, makhleb_altar_promises_db,
          nicolae_overflow_hidden_temple
D:3:      cheibrodos_pilgrimage, layout_basic, uniq_terence, uniq_robin

Skill      XL: |  1  2  3 |
---------------+----------+-----
Fighting       | 2 |  2.3
Dodging        | |  2.0
Unarmed Combat | |  3.7
Spellcasting   | |  2.8
Transmutations | |  2.9

Action                   |  1- 3 |  4- 6 || total
-------------------------+-------+-------++-------
Melee: Unarmed           |    93 |    45 ||   138
       Tentacles         |    20 |    11 ||    31
       Punch             |     5 |       ||     5
       Constrict         |    29 |    12 ||    41
       Kick              |     8 |    10 ||    18
 Cast: Beastly Appendage |     6 |     6 ||    12
  Use: Potion            |       |     5 ||     5
       Scroll            |       |     1 ||     1
 Stab: Sleeping          |     4 |     1 ||     5
       Invisible         |       |     1 ||     1
  Eat: Chunk             |     2 |     1 ||     3
Armor: Skin              |     4 |       ||     4
Dodge: Dodged            |    53 |    37 ||    90
